 Dungeon Crawl Stone Soup version 0.29.1-13-g9f3cf754e1 (webtiles) character file.

Game seed: 1583023450542158296

110 cheesebisquit the Shooter (level 4, 0/37 HPs)
             Began as a Minotaur Hunter on Jan 29, 2023.
             Slain by a gnoll
             ... wielding a +0 spear
              (4 damage)
             ... on level 3 of the Dungeon.
             The game lasted 00:03:34 (1975 turns).

cheesebisquit the Shooter (Minotaur Hunter)         Turns: 1975, Time: 00:03:35

Health: 0/37       AC:  3    Str: 15    XL:     4   Next: 61%
Magic:  3/3        EV: 12    Int:  6    God:
Gold:   163        SH:  0    Dex: 16    Spells: 3/3 levels left

rFire   . . .      SeeInvis .   a - +0 shortbow
rCold   . . .      Faith    .   (shield currently unavailable)
rNeg    . . .      Spirit   .   c - +0 leather armour
rPois   .          Reflect  .   (helmet restricted)
rElec   .          Harm     .   (no cloak)
rCorr   .          Rampage  .   (no gloves)
Will    .....                   (no boots)
Stlth   ++........              (no amulet)
HPRegen 0.12/turn               (no ring)
MPRegen 0.08/turn               (no ring)

@: no status effects
A: horns 2, retaliatory headbutt
a: no special abilities


You were on level 3 of the Dungeon.
You visited 1 branch of the dungeon, and saw 3 of its levels.

You collected 163 gold pieces.

Inventory:

Hand Weapons
 a - a +0 shortbow (weapon)
Missiles
 m - 2 poisoned darts
Armour
 c - a +0 leather armour (worn)
Wands
 k - a wand of quicksilver (4)
Scrolls
 b - a scroll of immolation
 e - 3 scrolls of fear {unknown}
 g - 2 scrolls of identify {unknown}
 h - 2 scrolls of enchant weapon {unknown}
 j - a scroll of teleportation {unknown}
 l - a scroll of noise {unknown}
Potions
 d - a potion of ambrosia {unknown}
 f - a potion of invisibility {unknown}
 i - a potion of flight {unknown}
 n - a potion of heal wounds {unknown}
 o - a potion of mutation {unknown}


   Skills:
 - Level 2.5 Fighting
 + Level 6.6 Ranged Weapons
 - Level 2.2 Dodging
 - Level 0.8 Stealth


You had 3 spell levels left.
You didn't know any spells.
Your spell library contained the following spells:

 Spells                   Type           Power      Damage    Failure   Level
 Apportation              Tloc           0%         N/A       52%         1
 Necrotise                Necr           0%         1d4       52%         1
 Summon Small Mammal      Summ           0%         N/A       52%         1


Dungeon Overview and Level Annotations

Branches:
Dungeon (3/15)

Altars:
Nemelex Xobeh
Ru
The Shining One


Innate Abilities, Weirdness & Mutations

You have a pair of horns on your head.
You reflexively headbutt those who attack you in melee.


Message History

Fire: a) +0 shortbow
Press: ? - help, Q - select action, (/) - cycle Shift-Dir - straight line, f/p - gnoll
Aim: a gnoll, wielding a +0 club (68% to hit)
You shoot an arrow. The arrow hits the gnoll!
The gnoll is heavily wounded.
The gnoll hits you from afar with a +0 spear.
The gnoll barely misses you.
Fire: a) +0 shortbow
Press: ? - help, Q - select action, (/) - cycle Shift-Dir - straight line, f/p - gnoll
Aim: a gnoll, wielding a +0 club (heavily wounded, 68% to hit)
You shoot an arrow. The arrow hits the gnoll!
You kill the gnoll!
The gnoll hits you from afar with a +0 spear.
Fire: a) +0 shortbow
Press: ? - help, Q - select action, (/) - cycle Shift-Dir - straight line, f - gnoll
Aim: a gnoll, wielding a +0 spear (68% to hit)
You shoot an arrow.
The arrow hits the gnoll but does no damage.
The gnoll hits you from afar with a +0 spear!
* * * LOW HITPOINT WARNING * * *
Fire: a) +0 shortbow
Press: ? - help, Q - select action, (/) - cycle Shift-Dir - straight line, f/p - gnoll
Aim: a gnoll, wielding a +0 spear (68% to hit)
You shoot an arrow. The arrow hits the gnoll.
The gnoll is lightly wounded.
The gnoll barely misses you.
A goblin comes into view. It is wielding a +0 dagger.
Fire: a) +0 shortbow
Press: ? - help, Q - select action, (/) - cycle Shift-Dir - straight line, f/p - gnoll
Aim: a gnoll, wielding a +0 spear (lightly wounded, 68% to hit)
You shoot an arrow. The arrow hits the gnoll.
The gnoll is moderately wounded.
The gnoll hits you from afar with a +0 spear.
* * * LOW HITPOINT WARNING * * *
The gnoll closely misses you.
Okay, then.
Okay, then.
There is a stone staircase leading up here.
The gnoll hits you from afar with a +0 spear.
You die...

..........#........... ≈....
##.#........#######.##.g.≈.≈
.#........#.######...)).≈≈.≈
.#.##.....#.........###.....
.#.##.....#.######.### ...
.#.###.####.#........# #
.#.....####.#+####g#.#
##........#.<........#
..........+.....@....#
>.....(...##.........#
.#........##.........#
.#.###################
.#....#.# .#...#.#
.#..#..#.. .#.#...#...
.#).........


You could see a gnoll.

Vanquished Creatures
  3 gnolls (D:3)
  An adder (D:2)
  2 worms (D:2)
  4 dart slugs
  An orc (D:3)
  5 ball pythons
  5 bats
  9 endoplasms
  2 goblins
  A hobgoblin (D:1)
  6 jackals
  3 quokkas
  2 frilled lizards
  4 kobolds
  8 rats
56 creatures vanquished.

Vanquished Creatures (others)
  4 toadstools (D:1)
4 creatures vanquished.

Grand Total: 60 creatures vanquished

Notes
Turn   | Place    | Note
-------+----------+-------------------------------------------
     0 | D:1      | cheesebisquit the Minotaur Hunter began the quest for the
                  | Orb.
     0 | D:1      | Reached XP level 1. HP: 18/18 MP: 0/0
    76 | D:1      | Reached XP level 2. HP: 25/25 MP: 1/1
   300 | D:1      | Reached skill level 5 in Ranged Weapons
   685 | D:1      | Reached XP level 3. HP: 30/30 MP: 2/2
   725 | D:1      | Found a faded altar of an unknown god.
  1161 | D:2      | Reached skill level 6 in Ranged Weapons
  1461 | D:2      | Reached XP level 4. HP: 36/37 MP: 3/3
  1827 | D:3      | Found a sparkling altar of Nemelex Xobeh.
  1863 | D:3      | Found a glowing golden altar of the Shining One.
  1949 | D:3      | Found a sacrificial altar of Ru.
  1975 | D:3      | Slain by a gnoll

Illustrated notes

Levels and vault maps discovered:
D:1:      ldierk_walled_garden_2, layout_basic,
          hellmonk_ecumenical_altar_dog_temple
D:2:      layout_rooms, st_stairs_10, nicolae_eternal_life
D:3:      layout_basic, xom_redecorated, mainiacjoe_overflow_small_starburst,
          okawaru_ov_weapons_minmay, amcnicky_altar_gilded,
          mainiacjoe_overflow_divided_tiny, nemelex_diamond_rough_becter,
          hangedman_decor_diamond_cutter, interstate_on_off

Skill      XL: |  1  2  3 |
---------------+----------+-----
Ranged Weapons | 5 6 |  6.6
Fighting       | |  2.5
Dodging        | |  2.2
Stealth        | |  0.8

Action                   |  1- 3 |  4- 6 || total
-------------------------+-------+-------++-------
 Fire: Shortbow          |   121 |    37 ||   158
Armor: Leather armour    |    15 |       ||    15
Dodge: Dodged            |    38 |    13 ||    51
